 Dungeon Crawl Stone Soup version 0.29.1-2-gbd0b4ee654 (webtiles) character file.

Game seed: 12142777047532661210

77 Gabide the Trooper (level 4, -7/39 HPs)
             Began as a Palentonga Monk on Nov 19, 2022.
             Mangled by Terence
             ... wielding a +1 hand axe of venom
              (8 damage)
             ... on level 2 of the Dungeon.
             The game lasted 00:01:39 (1707 turns).

Gabide the Trooper (Palentonga Monk)                Turns: 1707, Time: 00:01:41

Health: -7/39      AC:  6    Str: 17    XL:     4   Next: 14%
Magic:  4/4        EV: 10    Int: 10    God:
Gold:   173        SH:  0    Dex: 12    Spells: 3/3 levels left

rFire   . . .      SeeInvis +     - Unarmed
rCold   . . .      Faith    .   (no shield)
rNeg    . . .      Spirit   .   a - +0 robe
rPois   .          Reflect  .   (no helmet)
rElec   .          Harm     .   (no cloak)
rCorr   .          Rampage  .   (no gloves)
Will    .....      Clarity  +   (no barding)
Stlth   +.........              (no amulet)
HPRegen 0.13/turn               (no ring)
MPRegen 0.09/turn               (no ring)

@: confused, lethally poisoned (-7 -> -33), ambrosia-drunk
A: large, rugged brown scales 3, see invisible, deformed body, roll 2, armoured
tail, iridescent scales 1, clarity, weak 1
a: Rolling Charge


You were on level 2 of the Dungeon.
You visited 1 branch of the dungeon, and saw 2 of its levels.

You collected 173 gold pieces.

Inventory:

Missiles
 i - 5 poisoned darts
Armour
 a - a +0 robe (worn)
Scrolls
 b - a scroll of enchant armour {unknown}
 c - a scroll of enchant weapon {unknown}
 d - a scroll of amnesia {unknown}
 e - a scroll of summoning {unknown}
 f - 2 scrolls of teleportation {unknown}
 j - a scroll of identify {unknown}
 l - a scroll of blinking {unknown}
 o - a scroll of magic mapping {unknown}
Potions
 g - a potion of mutation
 h - 2 potions of brilliance {unknown}
 m - a potion of curing {unknown}
 n - a potion of heal wounds {unknown}
 p - a potion of haste {unknown}


   Skills:
 * Level 3.9 Fighting
 + Level 2.8 Dodging
 - Level 1.2 Stealth
 * Level 3.9 Unarmed Combat


You had 3 spell levels left.
You didn't know any spells.
Your spell library contained the following spells:

 Spells                   Type           Power      Damage    Failure   Level
 Gell's Gravitas          Tloc           0%         N/A       75%         3
 Teleport Other           Tloc           0%         N/A       75%         3
 Dispersal                Tloc           0%         N/A       100%        6


Dungeon Overview and Level Annotations

Branches:
Dungeon (2/15)

Altars:

Annotations:
D:2 Terence


Innate Abilities, Weirdness & Mutations

You are completely covered in rugged brown scales. (AC +3, +7% HP)
You have supernaturally acute eyesight. (SInv)
Armour fits poorly on your strangely shaped body.
You can roll at foes to attack.
You have a long armoured tail.
You are partially covered in iridescent scales. (AC +2)
You possess an exceptional clarity of mind.
You are weak. (Str -2)


Message History

Terence is nearby!
You roll forward with a clatter of scales!
Terence shouts!
You hit Terence.
Terence is lightly wounded.
Terence hits you with a +1 hand axe of venom.
You are poisoned.
You hit Terence.
Terence is moderately wounded.
You feel very sick.
Terence hits you with a +1 hand axe of venom.
You are more poisoned.
You hit Terence.
Terence is moderately wounded.
You feel very sick.
Terence hits you with a +1 hand axe of venom.
You are more poisoned.
You are too injured to fight recklessly!
You are confused.
You feel invigorated.
* * * LOW HITPOINT WARNING * * *
You feel extremely sick.
Terence hits you with a +1 hand axe of venom.
* * * LOW HITPOINT WARNING * * *
You are more poisoned.
You hit Terence but do no damage.
Terence is moderately wounded.
* * * LOW HITPOINT WARNING * * *
You feel extremely sick.
Terence hits you with a +1 hand axe of venom.
* * * LOW HITPOINT WARNING * * *
Unknown command.
It was a potion of mutation.
You feel extremely strange.
You feel weaker.
Iridescent scales grow over part of your body.
Your thoughts seem clearer.
You feel you can roll further.
* * * LOW HITPOINT WARNING * * *
You feel extremely sick.
Terence hits you with a +1 hand axe of venom!
You die...

#.####.######..#....##.#.#.......
#......# #..#.#..##.#.........
######## #.......##.#.........
#.......##......##.##
###..#######.##.##... #.##
#.##...... #.# #.#####..#
#.######... #... #.@........ ##.#
#@#####.... .# #.#### . #....#
#)##.# #...@...# ####.#### #


You could see Terence.

Vanquished Creatures
  Jessica (D:2)
  2 adders (D:2)
  A dart slug (D:1)
  2 bats (D:1)
  5 endoplasms
  A giant cockroach (D:1)
  A goblin (D:1)
  3 hobgoblins (D:1)
  2 kobolds
  3 quokkas
  4 ball pythons
  A frilled lizard (D:1)
  5 rats
31 creatures vanquished.

Notes
Turn   | Place    | Note
-------+----------+-------------------------------------------
     0 | D:1      | Gabide the Palentonga Monk began the quest for the Orb.
     0 | D:1      | Reached XP level 1. HP: 19/19 MP: 1/1
   366 | D:1      | Reached XP level 2. HP: 25/25 MP: 2/2
   399 | D:1      | Found a faded altar of an unknown god.
  1176 | D:2      | Reached XP level 3. HP: 17/31 MP: 3/3
  1670 | D:2      | Noticed Jessica
  1676 | D:2      | Killed Jessica
  1677 | D:2      | Reached XP level 4. HP: 32/39 MP: 4/4
  1677 | D:2      | Noticed Terence
  1707 | D:2      | Gained mutation: You are weak. (Str -2) [potion of
                  | mutation]
  1707 | D:2      | Gained mutation: You are partially covered in iridescent
                  | scales. (AC +2) [potion of mutation]
  1707 | D:2      | Gained mutation: You possess an exceptional clarity of
                  | mind. [potion of mutation]
  1707 | D:2      | Gained mutation: You can roll at foes to attack. [potion of
                  | mutation]
  1707 | D:2      | HP: 1/39 [poisoned by Terence]
  1707 | D:2      | Mangled by Terence

Illustrated notes

Levels and vault maps discovered:
D:1:      dpeg_arrival_rhombi, layout_basic, ebering_ecumenical_altar_mist
D:2:      layout_loops_cross, uniq_jessica, uniq_terence

Action                   |  1- 3 |  4- 6 || total
-------------------------+-------+-------++-------
Melee: Unarmed           |    93 |     4 ||    97
       Tailslap          |    10 |       ||    10
       Punch             |     1 |       ||     1
 Abil: Rolling Charge    |    18 |     1 ||    19
  Use: Potion            |     1 |     2 ||     3
 Stab: Sleeping          |     4 |       ||     4
Armor: Robe              |    14 |       ||    14
Dodge: Dodged            |    43 |       ||    43
